CAL (WIN)
BAKERSFIELD BLAZE @ RICHMOND FLYING SQUIRRELS
12/18/2046
 
TOP OF THE 1ST
Bakersfield Blaze batting - Pitching for Richmond Flying Squirrels : RHP Tristan Jones
Pitching: RHP Tristan Jones
Batting: RHB Nick Edmunds 0-0: Ball
1-0: Called Strike
1-1: Foul Ball, location: 2F
1-2: Strikes out swinging, 2-3 out at first.
Batting: RHB Chris Skaff 0-0: Ball
1-0: Foul Ball, location: 2F
1-1: Called Strike
1-2: Foul Ball, location: 2F
1-2: Ball
2-2: SINGLE (Line Drive, 4M, EV 106.2 MPH)
Batting: LHB Jawad Fahad 0-0: Called Strike
0-1: Ball
1-1: Ball
Pickoff Throw to First - Error! E1
Chris Skaff to second
2-1: Called Strike
2-2: Ball
3-2: Fly out, F8 (Line Drive, 8LM, EV 93.1 MPH)
Batting: RHB Victor Ramirez 0-0: Ball
1-0: Ball
2-0: Ball
3-0: Called Strike
3-1: Called Strike
3-2: Strikes out swinging
Top of the 1st over - 0 runs, 1 hit, 1 error, 1 left on base; Bakersfield 0 - Richmond 0
BOTTOM OF THE 1ST
Richmond Flying Squirrels batting - Pitching for Bakersfield Blaze : RHP Josh Newell
Pitching: RHP Josh Newell
Batting: SHB David Barona 0-0: Foul Ball, location: 2F
0-1: Ball
1-1: Called Strike
1-2: Strikes out looking
Batting: LHB Gil Caraveo 0-0: Called Strike
0-1: Ball
1-1: Ball
2-1: Fly out, F4 (Line Drive, 34, EV 71.9 MPH)
Batting: LHB John Whitman 0-0: Foul Ball, location: 2F
0-1: Ball
1-1: Ground out 1-3 (Groundball, 13, EV 69.4 MPH)
Bottom of the 1st over - 0 runs, 0 hits, 0 errors, 0 left on base; Bakersfield 0 - Richmond 0
TOP OF THE 2ND
Bakersfield Blaze batting - Pitching for Richmond Flying Squirrels : RHP Tristan Jones
Batting: LHB Addisu Nyamekye 0-0: Ball
1-0: Ball
2-0: Ball
3-0: Called Strike
3-1: Base on Balls
Batting: RHB Ricky Ramirez 0-0: Ball
1-0: Ball
2-0: Foul Ball, location: 2F
2-1: Hit by Pitch
Addisu Nyamekye to second
Batting: LHB Chris Jackson 0-0: Ball
1-0: Swinging Strike
1-1: Foul Ball, location: 2F
1-2: Foul Ball, location: 2F
1-2: Strikes out looking
Batting: RHB Chris Van Niel 0-0: Grounds into double play, 5-4-3 (Groundball, 56, EV 93.1 MPH)
Top of the 2nd over - 0 runs, 0 hits, 0 errors, 1 left on base; Bakersfield 0 - Richmond 0
BOTTOM OF THE 2ND
Richmond Flying Squirrels batting - Pitching for Bakersfield Blaze : RHP Josh Newell
Batting: RHB Jonathan Reece 0-0: Fly out, F7 (Flyball, 7D, EV 101.9 MPH)
Batting: RHB Matt Shepard 0-0: Called Strike
0-1: Ball
1-1: Swinging Strike
1-2: Ball
2-2: SINGLE (Flyball, 89S, EV 89.4 MPH)
Batting: RHB Ian Richardson 0-0: Ball
1-0: Swinging Strike
1-1: Called Strike
1-2: Strikes out swinging
Batting: LHB James Wheaton 0-0: Foul Ball, location: 2F
0-1: Called Strike
0-2: Ball
1-2: Foul Ball, location: 2F
1-2: Ball
2-2: Strikes out swinging
Bottom of the 2nd over - 0 runs, 1 hit, 0 errors, 1 left on base; Bakersfield 0 - Richmond 0
TOP OF THE 3RD
Bakersfield Blaze batting - Pitching for Richmond Flying Squirrels : RHP Tristan Jones
Batting: RHB Jose Zuniga 0-0: Called Strike
0-1: Ball
1-1: Foul Ball, location: 2F
1-2: Ground out 6-3 (Groundball, 6, EV 101.2 MPH)
Batting: RHB Nick Edmunds 0-0: Ball
1-0: Called Strike
1-1: Called Strike
1-2: Foul Ball, location: 2F
1-2: Ground out 2-3 (Groundball, 15S, EV 62.5 MPH)
Batting: RHB Chris Skaff 0-0: Called Strike
0-1: Foul Ball, location: 2F
0-2: Ball
1-2: Ball
2-2: Foul Ball, location: 2F
2-2: Foul Ball, location: 2F
2-2: Fly out, F9 (Flyball, 89M, EV 90.6 MPH)
Top of the 3rd over - 0 runs, 0 hits, 0 errors, 0 left on base; Bakersfield 0 - Richmond 0
BOTTOM OF THE 3RD
Richmond Flying Squirrels batting - Pitching for Bakersfield Blaze : RHP Josh Newell
Batting: RHB Bob Schweiger 0-0: Ground out U3 (Groundball, 34, EV 96.2 MPH)
Batting: RHB Willie Sanchez 0-0: Ball
1-0: Ground out 5-3 (Groundball, 15, EV 88.8 MPH)
Batting: SHB David Barona 0-0: Foul Ball, location: 2F
0-1: Foul Ball, location: 2F
0-2: Foul Ball, location: 2F
0-2: Strikes out swinging
Bottom of the 3rd over - 0 runs, 0 hits, 0 errors, 0 left on base; Bakersfield 0 - Richmond 0
TOP OF THE 4TH
Bakersfield Blaze batting - Pitching for Richmond Flying Squirrels : RHP Tristan Jones
Batting: LHB Jawad Fahad 0-0: Ball
1-0: SOLO HOME RUN (Flyball, 89XD, EV 105.0 MPH), Distance : 394 ft
Batting: RHB Victor Ramirez 0-0: Ball
1-0: Fly out, F9 (Flyball, 9, EV 94.4 MPH)
Batting: LHB Addisu Nyamekye 0-0: Foul Ball, location: 2F
0-1: Swinging Strike
0-2: Ball
1-2: Strikes out swinging
Batting: RHB Ricky Ramirez 0-0: SOLO HOME RUN (Flyball, 78XD, EV 106.9 MPH), Distance : 419 ft
Batting: LHB Chris Jackson 0-0: Called Strike
0-1: Ball
1-1: DOUBLE (Line Drive, 78D, EV 103.1 MPH)
Batting: RHB Chris Van Niel 0-0: Called Strike
0-1: Ball
1-1: Called Strike
1-2: Strikes out swinging
Top of the 4th over - 2 runs, 3 hits, 0 errors, 1 left on base; Bakersfield 2 - Richmond 0
BOTTOM OF THE 4TH
Richmond Flying Squirrels batting - Pitching for Bakersfield Blaze : RHP Josh Newell
Batting: LHB Gil Caraveo 0-0: DOUBLE (Line Drive, 89D, EV 111.2 MPH)
Batting: LHB John Whitman 0-0: Called Strike
0-1: Ball
1-1: Ball
2-1: Ground out 1-3 (Groundball, P, EV 68.1 MPH)
Gil Caraveo to third
Batting: RHB Jonathan Reece 0-0: Ball
1-0: Called Strike
1-1: Swinging Strike
1-2: Ball
2-2: Strikes out swinging
Batting: RHB Matt Shepard 0-0: Ball
1-0: Called Strike
1-1: Foul Ball, location: 2F
1-2: Foul Ball, location: 2F
1-2: Ball
2-2: SINGLE (Line Drive, 4MD, EV 93.8 MPH)
Gil Caraveo scores
Batting: RHB Ian Richardson 0-0: Fly out, F8 (Flyball, 8RD, EV 91.2 MPH)
Bottom of the 4th over - 1 run, 2 hits, 0 errors, 1 left on base; Bakersfield 2 - Richmond 1
TOP OF THE 5TH
Bakersfield Blaze batting - Pitching for Richmond Flying Squirrels : RHP Tristan Jones
Batting: RHB Jose Zuniga 0-0: Called Strike
0-1: Ball
1-1: Called Strike
1-2: Foul Ball, location: 2F
1-2: Strikes out swinging
Batting: RHB Nick Edmunds 0-0: Called Strike
0-1: Swinging Strike
0-2: Ball
1-2: Ball
2-2: Ball
3-2: Base on Balls
Batting: RHB Chris Skaff 0-0: Ball
1-0: Ball
Wild Pitch!
Nick Edmunds to second
2-0: Foul Ball, location: 2F
2-1: Foul Ball, location: 2F
2-2: Ball
3-2: Fly out, F3 (Popup, 34, EV 65.0 MPH)
Batting: LHB Jawad Fahad 0-0: Ball
1-0: Ball
2-0: Foul Ball, location: 2F
2-1: Called Strike
2-2: SINGLE (Groundball, 6D, EV 101.9 MPH)
Nick Edmunds to third
Runner from 3rd tries for Home, SAFE, throw by LF to home
Pitching: RHP Mike Flynn
Batting: RHB Victor Ramirez 0-0: Foul Ball, location: 2F
0-1: Ball
1-1: Foul Ball, location: 2F
1-2: Ball
2-2: Foul Ball, location: 2F
2-2: Ball
3-2: Strikes out swinging
Top of the 5th over - 1 run, 1 hit, 0 errors, 1 left on base; Bakersfield 3 - Richmond 1
BOTTOM OF THE 5TH
Richmond Flying Squirrels batting - Pitching for Bakersfield Blaze : RHP Josh Newell
Batting: LHB James Wheaton 0-0: SINGLE (Groundball, 4D, EV 96.9 MPH)
Batting: RHB Bob Schweiger 0-0: Ball
1-0: Fly out, F9 (Flyball, 89S, EV 85.0 MPH)
Batting: RHB Willie Sanchez 0-0: Ball
1-0: Ball
2-0: Called Strike
James Wheaton is caught stealing 2nd base 2-4
2-1: Swinging Strike
2-2: Strikes out swinging
Bottom of the 5th over - 0 runs, 1 hit, 0 errors, 0 left on base; Bakersfield 3 - Richmond 1
TOP OF THE 6TH
Bakersfield Blaze batting - Pitching for Richmond Flying Squirrels : RHP Mike Flynn
Batting: LHB Addisu Nyamekye 0-0: Called Strike
0-1: Called Strike
0-2: Ground out 4-3 (Groundball, 4S, EV 88.8 MPH)
Pinch Hitting: LHB Chang Huie 0-0: Ball
1-0: Called Strike
1-1: Ball
2-1: Swinging Strike
2-2: Strikes out swinging
Batting: LHB Chris Jackson 0-0: Ball
1-0: Called Strike
1-1: SOLO HOME RUN (Flyball, 89XD, EV 105.0 MPH), Distance : 390 ft
Batting: RHB Chris Van Niel 0-0: Ball
1-0: Called Strike
1-1: Ground out 5-3 (Groundball, 56S, EV 84.4 MPH)
Top of the 6th over - 1 run, 1 hit, 0 errors, 0 left on base; Bakersfield 4 - Richmond 1
BOTTOM OF THE 6TH
Richmond Flying Squirrels batting - Pitching for Bakersfield Blaze : RHP Josh Newell
Now at 3B: Chang Huie
Batting: SHB David Barona 0-0: Called Strike
0-1: Ball
1-1: Called Strike
1-2: Strikes out swinging
Batting: LHB Gil Caraveo 0-0: Called Strike
0-1: Ball
1-1: Swinging Strike
1-2: Foul Ball, location: 2F
1-2: TRIPLE (Line Drive, 8LXD, EV 102.5 MPH)
Batting: LHB John Whitman 0-0: Ball
1-0: Foul Ball, location: 2F
1-1: Ground out 6-3 (Groundball, 6D, EV 106.9 MPH)
Gil Caraveo scores
Batting: RHB Jonathan Reece 0-0: Ball
1-0: Ball
2-0: Foul Ball, location: 2F
2-1: SINGLE (Line Drive, 34D, EV 102.5 MPH)
Batting: RHB Matt Shepard 0-0: Ball
Jonathan Reece steals 2nd base (no throw)
1-0: Called Strike
1-1: Called Strike
1-2: Fly out, F7 (Flyball, 7LS, EV 97.5 MPH)
Bottom of the 6th over - 1 run, 2 hits, 0 errors, 1 left on base; Bakersfield 4 - Richmond 2
TOP OF THE 7TH
Bakersfield Blaze batting - Pitching for Richmond Flying Squirrels : RHP Mike Flynn
Batting: RHB Jose Zuniga 0-0: Called Strike
0-1: Ball
1-1: Foul Ball, location: 2F
1-2: Fly out, F5 (Popup, 56S, EV 80.0 MPH)
Batting: RHB Nick Edmunds 0-0: Called Strike
0-1: Swinging Strike
0-2: Ball
1-2: Ball
2-2: Strikes out swinging
Batting: RHB Chris Skaff 0-0: Called Strike
0-1: Foul Ball, location: 2F
0-2: Ball
1-2: Ball
2-2: SINGLE (Groundball, 4S, EV 71.2 MPH) (infield hit)
Pitching: RHP Nick McDade
Batting: LHB Jawad Fahad 0-0: Ball
1-0: Called Strike
1-1: Swinging Strike
1-2: Strikes out swinging
Top of the 7th over - 0 runs, 1 hit, 0 errors, 1 left on base; Bakersfield 4 - Richmond 2
BOTTOM OF THE 7TH
Richmond Flying Squirrels batting - Pitching for Bakersfield Blaze : RHP Josh Newell
Batting: RHB Ian Richardson 0-0: Fly out, F8 (Flyball, 8RXD, EV 96.2 MPH)
Pitching: LHP Ed Gilroy
Batting: LHB James Wheaton 0-0: Swinging Strike
0-1: Ground out U3 (Groundball, 34S, EV 66.2 MPH)
Pitching: RHP Matt Lane
Batting: RHB Bob Schweiger 0-0: Called Strike
0-1: Ball
1-1: SINGLE (Groundball, 6MD, EV 101.9 MPH)
Batting: RHB Willie Sanchez 0-0: Called Strike
0-1: Fly out, F9 (Line Drive, 9, EV 111.9 MPH)
Bottom of the 7th over - 0 runs, 1 hit, 0 errors, 1 left on base; Bakersfield 4 - Richmond 2
TOP OF THE 8TH
Bakersfield Blaze batting - Pitching for Richmond Flying Squirrels : RHP Nick McDade
Batting: RHB Victor Ramirez 0-0: Called Strike
0-1: Fly out, F9 (Flyball, 9, EV 89.4 MPH)
Batting: LHB Addisu Nyamekye 0-0: Ball
1-0: Ball
2-0: Fly out, F9 (Flyball, 89S, EV 76.9 MPH)
Batting: LHB Chang Huie 0-0: Called Strike
0-1: Ground out 4-3 (Groundball, 34, EV 86.2 MPH)
Top of the 8th over - 0 runs, 0 hits, 0 errors, 0 left on base; Bakersfield 4 - Richmond 2
BOTTOM OF THE 8TH
Richmond Flying Squirrels batting - Pitching for Bakersfield Blaze : RHP Matt Lane
Now at 3B: Jesus Santiago
Now in CF: Chang Huie
Now in RF: Nick Edmunds
Batting: SHB David Barona 0-0: Ground out 4-3 (Groundball, 34D, EV 99.4 MPH)
Batting: LHB Gil Caraveo 0-0: SINGLE (Groundball, 4M, EV 106.9 MPH) (infield hit)
Batting: LHB John Whitman 0-0: Swinging Strike
0-1: Swinging Strike
0-2: Ball
1-2: Ball
2-2: Strikes out swinging
Pinch Hitting: LHB Gabe Velez 0-0: Ball
1-0: Foul Ball, location: 2F
1-1: Called Strike
1-2: Ball
2-2: Foul Ball, location: 2F
2-2: Foul Ball, location: 2F
2-2: Ball
3-2: Strikes out swinging
Bottom of the 8th over - 0 runs, 1 hit, 0 errors, 1 left on base; Bakersfield 4 - Richmond 2
TOP OF THE 9TH
Bakersfield Blaze batting - Pitching for Richmond Flying Squirrels : RHP Nick McDade
Now in RF: Gabe Velez
Batting: LHB Chris Jackson 0-0: Ball
1-0: Foul Ball, location: 2F
1-1: Ball
2-1: Called Strike
2-2: Ground out 4-3 (Groundball, 4S, EV 74.4 MPH)
Batting: RHB Chris Van Niel 0-0: Ball
1-0: Called Strike
1-1: Called Strike
1-2: Foul Ball, location: 2F
1-2: Strikes out swinging
Batting: RHB Jesus Santiago 0-0: Foul Ball, location: 2F
0-1: Ball
1-1: SINGLE (Flyball, 7S, EV 91.9 MPH)
Batting: RHB Nick Edmunds 0-0: Called Strike
0-1: Swinging Strike
0-2: Ball
1-2: Reached on error, E4 (Groundball, 4, EV 78.1 MPH)
Jesus Santiago to second
Batting: RHB Chris Skaff 0-0: Foul Ball, location: 2F
0-1: Foul Ball, location: 2F
0-2: Ball
1-2: Strikes out swinging
Top of the 9th over - 0 runs, 1 hit, 1 error, 2 left on base; Bakersfield 4 - Richmond 2
BOTTOM OF THE 9TH
Richmond Flying Squirrels batting - Pitching for Bakersfield Blaze : RHP Matt Lane
Pitching: RHP Jace Daniels
Batting: RHB Matt Shepard 0-0: DOUBLE (Line Drive, 78M, EV 108.8 MPH)
Pinch Hitting: LHB Nate Conley 0-0: Ball
1-0: Ball
2-0: Called Strike
2-1: Called Strike
2-2: Fly out, F7 (Flyball, 7, EV 91.2 MPH)
Batting: LHB James Wheaton 0-0: Ball
1-0: Foul Ball, location: 2F
1-1: Called Strike
1-2: Ball
2-2: Strikes out swinging
Pinch Hitting: LHB Pong-keun Koh 0-0: Called Strike
0-1: Ball
1-1: SINGLE (Groundball, 4MD, EV 108.8 MPH)
Matt Shepard to third
Pinch Hitting: RHB Justin Baldwin 0-0: Ball
1-0: Foul Ball, location: 2F
1-1: Ball
2-1: Fielders Choice at 2nd, 6-4 (Groundball, 56, EV 102.5 MPH)
Bottom of the 9th over - 0 runs, 2 hits, 0 errors, 2 left on base; Bakersfield 4 - Richmond 2
Tuesday, September 13th , 2022 - OOTP Baseball 23.7 Build 88